 Dungeon Crawl Stone Soup version 0.21.1-1-g345015fe64 (webtiles) character file.

581 DildoBatman the Skirmisher (level 7, -12/56 HPs)
             Began as a Formicid Enchanter on Mar 26, 2018.
             Mangled by a gnoll
             ... wielding a +0 halberd
              (15 damage)
             ... on level 5 of the Dungeon.
             The game lasted 00:13:28 (5041 turns).

DildoBatman the Skirmisher (Formicid Enchanter)     Turns: 5041, Time: 00:13:28

Health: -12/56     AC:  7    Str: 18    XL:     7   Next: 63%
Magic:  10/10      EV: 11    Int: 14    God:
Gold:   214        SH:  0    Dex: 11    Spells: 9/10 levels left

rFire    . . .     SeeInvis +   a - +2 dagger (freeze)
rCold    . . .     Gourm    .   (no shield)
rNeg     . . .     Faith    .   e - +0 ring mail
rPois    .         Spirit   .   (helmet unavailable)
rElec    .         Reflect  .   (no cloak)
rCorr    +         Harm     .   (no gloves)
MR       .....                  f - +0 pair of boots
Stlth    ++........             (no amulet)
HPRegen  0.18/turn              h - ring of resist corrosion
MPRegen  0.12/turn              o - +3 ring of strength

@: no status effects
A: permanent stasis, dig shafts and tunnels, four strong arms, antennae 3
a: Dig, Shaft Self


You were on level 5 of the Dungeon.
You were hungry.

You visited 1 branch of the dungeon, and saw 5 of its levels.

You collected 214 gold pieces.

Inventory:

Hand Weapons
 a - a +2 dagger of freezing (weapon)
 b - a +1 dagger of holy wrath
Missiles
 g - 72 stones (quivered)
 i - 43 bolts
 u - 52 arrows
 w - 3 needles of confusion
 z - 29 sling bullets
 E - 2 throwing nets
Armour
 d - a +0 shield
 e - a +0 ring mail (worn)
 f - a +0 pair of boots (worn)
 q - a +0 scale mail
 y - a cursed +0 chain mail
Jewellery
 h - a ring of resist corrosion (left hand)
 o - a +3 ring of strength (right hand)
 C - a +2 ring of strength
 D - an uncursed ring of see invisible {unknown}
Scrolls
 m - 4 scrolls of fear {unknown}
 p - 2 scrolls of teleportation {unknown}
 s - 8 scrolls of identify {unknown}
 t - a scroll of amnesia {unknown}
 x - a scroll of immolation {unknown}
Potions
 j - a potion of flight {unknown}
 k - a potion of might {unknown}
 l - a potion of mutation {unknown}
 n - a potion of agility {unknown}
 r - a potion of degeneration {unknown}
Books
 c - a book of Maledictions

   Spells                             Type                      Level
   a - Corona                         Hexes                        1
   b - Ensorcelled Hibernation        Hexes/Ice                    2
   c - Confuse                        Hexes                        3
   d - Tukima's Dance                 Hexes                        3
   e - Dazzling Spray                 Conjuration/Hexes            3
 A - a book of Air

   Spells                             Type                      Level
   a - Shock                          Conjuration/Air              1
   b - Swiftness                      Charms/Air                   2
   c - Static Discharge               Conjuration/Air              3
   d - Airstrike                      Air                          4
   e - Lightning Bolt                 Conjuration/Air              5
Comestibles
 v - 7 rations


   Skills:
 * Level 5.5 Fighting
 - Level 1.0 Short Blades
 * Level 4.5 Armour
 * Level 2.7 Dodging
 * Level 4.8 Stealth
 - Level 2.1 Spellcasting
 - Level 3.6 Hexes


You had 9 spell levels left.
You knew the following spells:

 Your Spells              Type           Power        Failure   Level  Hunger
a - Corona                Hex            ##.....      9%          1    #......


Dungeon Overview and Level Annotations

Branches:
Dungeon (5/15)
 Temple: D:4-7

Altars:

Annotations:
D:3 exclusion: phantom
D:4 exclusions: crimson imp, ogre, water moccasin, worker ant and 1 more exclusion
D:5 1 exclusion, KleinerIrrer's ghost, novice FoFi


Innate Abilities, Weirdness & Mutations

You cannot be hasted, slowed, berserked, paralysed or teleported.
You can dig through walls and to a lower floor.
Your four strong arms can wield two-handed weapons with a shield.
You have a pair of large antennae on your head. (SInv)


Message History

You hear a bark!
The jackal bites you but does no damage.
The gnoll hits you from afar with a halberd.
You dig through the rock wall.
You hear an angry hiss.
The gnoll hits you with a flail.
You dig through the rock wall.
You hear an angry hiss.
You dig through the rock wall.
The gnoll closely misses you. The gnoll barely misses you.
You retract your mandibles.
A gnoll shaman comes into view. It is wielding a whip.
The gnoll shaman shouts!
You hear a shout!
A gnoll comes into view. It is wielding a club.
The gnoll hits you from afar with a halberd.
The gnoll hits you but does no damage.
The gnoll hits you from afar with a halberd!
You die...

......................#........#
##....#..#.....................#
####....##.#.####..............#
.....#.##. #.###..##...........#
#........ ##...................#
#........##........###..##.....#
#.#..>............## #........g#
..................#####..##....#
#..........##.##@........##....#
{.......... ##.##g...###.###.#.#
.#....##### #)####g..g.....#.#.#
...{..########.#.#.g###......#.##
##....##.....##.#...#{.#....##..g
#..####.###.######..h##..#..#####
...#######.#######...g###hgg## #.
..................#.g....{#l.# #.
.#.##########.###.#g..g.{###.###.


You could see 2 gnoll shamans, 4 gnolls and a jackal.

Vanquished Creatures
  A bullfrog (D:2)
  A bullfrog zombie (D:5)
  A bullfrog skeleton (D:4)
  3 hounds
  A gnoll shaman (D:5)
  An orc priest (D:3)
  An orc wizard (D:3)
  A centaur skeleton (D:5)
  3 worker ants
  7 gnolls (D:5)
  6 adders
  2 leopard geckos
  9 orcs
  3 bats
  A giant cockroach (D:1)
  3 goblins
  4 hobgoblins
  6 jackals
  A quokka (D:3)
  A frilled lizard (D:2)
  8 kobolds
  A leopard gecko skeleton (D:4)
  3 rats
68 creatures vanquished.

Notes
Turn   | Place    | Note
-------+----------+-------------------------------------------
     0 | D:1      | DildoBatman the Formicid Enchanter began the quest for the Orb.
     0 | D:1      | Reached XP level 1. HP: 13/13 MP: 3/3
   355 | D:1      | Reached skill level 1 in Fighting
   573 | D:1      | Reached XP level 2. HP: 21/21 MP: 5/5
   758 | D:2      | Reached skill level 2 in Fighting
   815 | D:2      | Noticed a bullfrog
   829 | D:2      | Killed a bullfrog
   829 | D:2      | Reached skill level 4 in Fighting
   829 | D:2      | Reached XP level 3. HP: 21/30 MP: 3/6
   829 | D:2      | Reached XP level 4. HP: 26/37 MP: 3/7
  1268 | D:2      | Reached XP level 5. HP: 27/42 MP: 5/8
  1795 | D:3      | Reached skill level 1 in Armour
  2102 | D:3      | Reached XP level 6. HP: 35/49 MP: 7/9
  2567 | D:4      | Noticed a phantom
  2974 | D:4      | Noticed an ogre
  3092 | D:4      | Reached skill level 5 in Fighting
  3119 | D:4      | Noticed a water moccasin
  3576 | D:5      | Entered Level 5 of the Dungeon
  4217 | D:5      | Reached XP level 7. HP: 47/56 MP: 8/10
  4234 | D:5      | Noticed KleinerIrrer's ghost (novice FoFi)
  5041 | D:5      | Mangled by a gnoll

Skill      XL: |  1  2  3  4  5  6 |
---------------+-------------------+-----
Fighting       | 1 4 5 |  5.5
Dodging        | 2 |  2.7
Stealth        | 4 |  4.8
Armour         | 3 4 |  4.5
Short Blades   | |  1.0
Spellcasting   | |  2.1
Hexes          | |  3.6

Action                   |  1- 3 |  4- 6 |  7- 9 || total
-------------------------+-------+-------+-------++-------
Melee: Dagger            |    47 |   215 |    95 ||   357
 Cast: Corona            |     2 |    38 |    10 ||    50
 Abil: Dig               |       |    12 |     9 ||    21
  Use: Potion            |       |     1 |       ||     1
 Stab: Sleeping          |     1 |       |       ||     1
  Eat: Chunk             |       |    13 |     4 ||    17
Armor: Ring mail         |    11 |    23 |    47 ||    81
       Robe              |     1 |       |       ||     1
       Scale mail        |       |    44 |       ||    44
Dodge: Dodged            |    27 |   115 |   107 ||   249
